 Dungeon Crawl Stone Soup version 0.17.0-28-g6e173f8 (webtiles) character file.

54 radek the Digger (level 3, -1/19 HPs)
             Began as a Gargoyle Earth Elementalist on Nov 22, 2015.
             Slain by a gnoll (3 damage)
             ... on level 2 of the Dungeon.
             The game lasted 00:05:08 (1982 turns).

radek the Digger (Gargoyle Earth Elementalist)      Turns: 1982, Time: 00:05:08

Health: -1/19      AC:  5    Str: 11    XL:     3   Next: 91%
Magic:  1/7        EV: 12    Int: 16    God:
Gold:   65         SH:  0    Dex: 10    Spells: 2 memorised, 4 levels left

rFire  . . .     SeeInvis .     e - -3 club (curse)
rCold  . . .     Clarity  .     a - +0 robe
rNeg   + . .     SustAt   .     (no shield)
rPois  ∞         Gourm    .     (no helmet)
rElec  +         Spirit   .     (no cloak)
rCorr  .         Warding  .     (no gloves)
rMut   .         Stasis   .     (no boots)
MR     .....                    (no amulet)
Stlth  ++........               (no ring)
                                (no ring)

@: not resistant to hostile enchantments, unstealthy
A: negative energy resistance 1, electricity resistance, unbreathing,
petrification resistance, rot immunity, AC +3
a: no special abilities


You were on level 2 of the Dungeon.
You were not hungry.

You visited 1 branch of the dungeon, and saw 2 of its levels.

You collected 65 gold pieces.

Inventory:

Hand Weapons
 e - a cursed -3 club (weapon)
 f - a +0 short sword
 g - a +0 club
 k - a +0 whip
Missiles
 b - 20 stones (quivered)
Armour
 a - a +0 robe (worn)
Scrolls
 h - a scroll of identify
 m - a scroll of recharging {unknown}
 n - a scroll of fear
 o - a scroll of remove curse {unknown}
Potions
 i - a potion of heal wounds
 j - 2 potions of brilliance {unknown}
Books
 c - a book of Geomancy

   Spells                             Type                      Level
   a - Sandblast                      Earth                        1
   b - Stoneskin                      Transmutation/Earth          2
   c - Passwall                       Transmutation/Earth          3
   d - Stone Arrow                    Conjuration/Earth            3
   e - Petrify                        Transmutation/Earth          4
   f - Lee's Rapid Deconstruction     Earth                        5
Comestibles
 d - a bread ration
 l - 4 chunks of flesh


   Skills:
 - Level 1.5 Dodging
 - Level 2.1 Stealth
 + Level 3.0 Spellcasting
 * Level 0.4 Conjurations
   Level 0.7 Transmutations
 + Level 4.6 Earth Magic


You had 4 spell levels left.
You knew the following spells:

 Your Spells              Type           Power        Failure   Level  Hunger
a - Sandblast             Erth           ###...       3%          1    #......
b - Stone Arrow           Conj/Erth      ##....       21%         3    ###....


Dungeon Overview and Level Annotations

Branches:
Dungeon (2/15)

Altars:


Innate Abilities, Weirdness & Mutations

You are resistant to torment.
Your stone body is resilient (AC +3).
You are immune to poison.
You resist negative energy.
You are resistant to electric shocks.
You can survive without breathing.
You are immune to petrification.
You are immune to rotting.


Message History

The giant newt bites you but does no damage.
You closely miss the gnoll.
The gnoll is heavily wounded.
The gnoll closely misses you. The giant newt closely misses you.
The gnoll closely misses you.
You closely miss the gnoll.
The gnoll is heavily wounded.
The giant newt bites you but does no damage.
The gnoll barely misses you. The giant newt bites you.
* * * LOW HITPOINT WARNING * * *
You closely miss the gnoll.
The gnoll is heavily wounded.
The gnoll closely misses you. The giant newt bites you.
* * * LOW HITPOINT WARNING * * *
You hit the gnoll but do no damage.
The gnoll is heavily wounded.
The gnoll hits you but does no damage.
The giant newt bites you but does no damage.
The gnoll hits you.
You die...

.
####.####
#
#.......#
#.##.##.#
#.##.##.##
#........#
#..###...#
#..###)..#
#......lg#
##.##.##@#
#. #.# ..
..#
##.#### #.
#.


You could see a gnoll and a giant newt.

Vanquished Creatures
  2 gnolls
  An adder (D:2)
  An ooze (D:1)
  4 hobgoblins
  3 bats (D:1)
  7 goblins (D:1)
  5 kobolds (D:1)
  2 rats (D:1)
25 creatures vanquished.

Notes
Turn   | Place    | Note
--------------------------------------------------------------
     0 | D:1      | radek the Gargoyle Earth Elementalist began the quest for the Orb.
     0 | D:1      | Reached XP level 1. HP: 10/10 MP: 3/3
   558 | D:1      | Reached XP level 2. HP: 12/15 MP: 1/5
  1073 | D:1      | Reached skill level 4 in Earth Magic
  1580 | D:1      | Reached XP level 3. HP: 8/19 MP: 4/7
  1921 | D:2      | Learned a level 3 spell: Stone Arrow
  1982 | D:2      | Slain by a gnoll

Action                   || total
-------------------------++-------
Melee: Club              ||    87
 Cast: Sandblast         ||    59
  Use: Scroll            ||     2
  Eat: Chunk             ||     1
       Bread ration      ||     1
